 Dungeon Crawl Stone Soup version 0.31-a0-37-g98a128e1d9 (webtiles) character file.

Game seed: 8818570204729092987

840 pk666 the Magician (level 7, -5/36 HPs)
             Began as a Deep Elf Fire Elementalist on May 15, 2023.
             Slain by Duvessa
             ... wielding a +3 short sword of flaming
              (12 damage)
             ... on level 5 of the Dungeon.
             The game lasted 00:12:24 (5793 turns).

pk666 the Magician (Deep Elf Fire Elementalist)     Turns: 5793, Time: 00:12:32

Health: -5/36      AC:  2    Str:  5    XL:     7   Next: 67%
Magic:  1/18       EV: 14    Int: 22    God:
Gold:   261        SH:  0    Dex: 15    Spells: 15/18 levels left

rFire   . . .        (no weapon)
rCold   + . .        (no shield)
rNeg    . . .        a - +0 robe
rPois   .            (no helmet)
rElec   .            (no cloak)
rCorr   .            (no gloves)
SInv    .            (no boots)
Will    +....        i - amulet of regeneration
Stlth   ++           c - ring of willpower
HPRegen 1.06/turn    n - ring of flight
MPRegen 0.16/turn

%: no passive effects
@: flying
A: cold resistance 1, wild magic 1
a: no special abilities


You were on level 5 of the Dungeon.
You visited 1 branch of the dungeon, and saw 5 of its levels.
You also visited: Sewer.

You collected 261 gold pieces.

Inventory:

Armour
 a - a +0 robe (worn)
Jewellery
 c - a ring of willpower (left hand)
 g - a ring of positive energy
 i - an amulet of regeneration (around neck)
 n - a ring of flight (right hand)
Wands
 s - a wand of iceblast (14)
 t - a wand of polymorph (10)
Scrolls
 d - 2 scrolls of amnesia {unknown}
 e - a scroll of magic mapping {unknown}
 f - a scroll of immolation {unknown}
 j - 6 scrolls of identify {unknown}
 k - 3 scrolls of fog {unknown}
 m - 2 scrolls of vulnerability {unknown}
 v - 2 scrolls of teleportation {unknown}
 x - 2 scrolls of enchant armour {unknown}
 y - a scroll of fear {unknown}
Potions
 b - a potion of magic
 h - a potion of might {unknown}
 l - 2 potions of mutation
 o - a potion of brilliance {unknown}
 p - a potion of curing {unknown}
 q - a potion of degeneration {unknown}
 r - a potion of haste {unknown}
 u - a potion of lignification {unknown}
 w - a potion of attraction {unknown}


   Skills:
 + Level 5.7 Dodging
 - Level 2.4 Stealth
 + Level 6.4 Spellcasting
 + Level 4.7 Conjurations
 + Level 5.7 Fire Magic


You had 15 spell levels left.
You knew the following spells:

 Your Spells              Type           Power      Damage    Failure   Level
a - Foxfire               Conj/Fire      100%       2x1d9     2%          1
b - Scorch                Fire           84%        2d8       2%          2

Your spell library contained the following spells:

 Spells                   Type           Power      Damage    Failure   Level
 Inner Flame              Hex/Fire       25%        N/A       13%         3
 Volatile Blastmotes      Fire/Tloc      50%        2d14      13%         3
 Flame Wave               Conj/Fire      39%        2d11      14%         4
 Sublimation of Blood     Necr           9%         N/A       19%         2
 Petrify                  Tmut/Erth      9%         N/A       73%         4
 Summon Ice Beast         Ice/Summ       9%         N/A       73%         4
 Irradiate                Conj/Tmut      11%        3d15      75%         5
 Summon Mana Viper        Hex/Summ       9%         N/A       96%         5
 Monstrous Menagerie      Summ           4%         N/A       100%        7


Dungeon Overview and Level Annotations

Branches:
Dungeon (5/15)              Sewer (visited)
 Temple: D:4-7

Altars:

Shops:
D:2 (

Annotations:
D:5 Dowan, Duvessa


Innate Abilities, Weirdness & Mutations

Your flesh is cold resistant. (rC+)
Your spells are a little harder to cast, but a little more powerful.


Message History

Confirm with . or Enter, or press ? or * to list all spells.
Flames lash Dowan.
Dowan is moderately wounded.
Dowan's fire resistance burns away.
Duvessa closely misses you.
Duvessa hits you with a +3 short sword of flaming.
Duvessa burns you.
Duvessa roars, "You can run, but you cannot escape us forever!"
Duvessa hits you with a +3 short sword of flaming.
Duvessa burns you.
Casting: Scorch (safe; 1% risk of failure)
Confirm with . or Enter, or press ? or * to list all spells.
Flames lash Dowan.
Dowan is moderately wounded.
Dowan's fire resistance burns away.
Duvessa misses you.
Duvessa hits you with a +3 short sword of flaming.
Duvessa burns you.
Casting: Scorch (safe; 1% risk of failure)
Confirm with . or Enter, or press ? or * to list all spells.
Flames lash Dowan.
Dowan is burned terribly!
Dowan is almost dead.
Duvessa closely misses you.
Unknown command.
Duvessa hits you with a +3 short sword of flaming!
Duvessa burns you. Duvessa attacks as you move away!
Duvessa hits you with a +3 short sword of flaming!
* * * LOW HITPOINT WARNING * * *
Duvessa burns you.
* * * LOW HITPOINT WARNING * * *
Casting: Scorch (safe; 1% risk of failure)
Confirm with . or Enter, or press ? or * to list all spells.
You don't have enough magic to cast this spell.
Unknown command.
It was a potion of mutation.
You feel extremely strange.
You feel resistant to cold.
You feel less in control of your magic. Duvessa barely misses you.
Dowan mumbles some strange words.
Dowan blinks!
Duvessa hits you with a +3 short sword of flaming!
You die...

#.. #.# #..
#.# #.# #.#
#.# #S# #.#
#.# #.# #.#
#.#
#.######.##
#.§Se@..e.#
########..##
#...#
###...###
###.......#
...........#
####.......#
#####...#####
.......<....#


You could see Duvessa (fast, combustible), Dowan (combustible) and an adder.

Vanquished Creatures
  Menkaure (D:4)
  A black bear (D:4)
  An ogre (D:3)
  2 bullfrogs (Sewer)
  A scorpion (D:4)
  A hound (D:4)
  A sleepcap (D:4)
  Natasha (thrice) (D:3)
  4 gnolls (D:3)
  6 adders
  A river rat (D:4)
  3 worms
  4 dart slugs
  5 orcs
  12 ball pythons
  15 endoplasms
  11 giant cockroaches
  8 goblins
  4 hobgoblins
  11 quokkas
  4 bats
  7 frilled lizards
  6 kobolds
  10 rats
122 creatures vanquished.

Vanquished Creatures (others)
  420 foxfires
420 creatures vanquished.

Grand Total: 542 creatures vanquished

Notes
Turn   | Place    | Note
-------+----------+-------------------------------------------
     0 | D:1      | pk666 the Deep Elf Fire Elementalist began the quest for
                  | the Orb.
     0 | D:1      | Reached XP level 1. HP: 10/10 MP: 6/6
   418 | D:1      | Reached XP level 2. HP: 15/15 MP: 4/8
   495 | D:1      | Learned a level 2 spell: Scorch
  1331 | D:2      | Reached XP level 3. HP: 19/19 MP: 5/10
  1621 | D:2      | Found Ofoi's Weapon Boutique.
  2360 | D:3      | Reached skill level 4 in Spellcasting
  2360 | D:3      | Reached XP level 4. HP: 24/24 MP: 3/12
  2752 | D:3      | Found a faded altar of an unknown god.
  3140 | D:3      | Noticed Natasha
  3149 | D:3      | Killed Natasha
  3150 | D:3      | Reached XP level 5. HP: 28/28 MP: 4/13
  3284 | D:3      | Noticed Natasha
  3291 | D:3      | Killed Natasha
  3442 | D:3      | Noticed Natasha
  3456 | D:3      | Killed Natasha
  3511 | D:4      | Noticed an ogre
  3678 | D:4      | Found a glowing drain.
  3689 | Sewer    | Entered a sewer
  4129 | Sewer    | Reached skill level 5 in Spellcasting
  4176 | Sewer    | Reached XP level 6. HP: 32/32 MP: 13/15
  4544 | D:4      | Noticed Menkaure
  4559 | D:4      | Reached skill level 5 in Fire Magic
  4563 | D:4      | Killed Menkaure
  4564 | D:4      | Reached skill level 5 in Dodging
  4564 | D:4      | Reached XP level 7. HP: 7/36 MP: 3/17
  4980 | D:3      | Reached skill level 6 in Spellcasting
  5755 | D:5      | Entered Level 5 of the Dungeon
  5773 | D:5      | Noticed Duvessa
  5778 | D:5      | Noticed Dowan
  5793 | D:5      | Gained mutation: Your flesh is cold resistant. (rC+)
                  | [potion of mutation]
  5793 | D:5      | Gained mutation: Your spells are a little harder to cast,
                  | but a little more powerful. [potion of mutation]
  5793 | D:5      | Slain by Duvessa

Illustrated notes

Levels and vault maps discovered:
D:1:      dpeg_arrival_boxorama, layout_basic, minmay_pentomino_r2
D:2:      layout_loops_cross, serial_shops, nicolae_shop_waterfront,
          grunt_ministairs_15, kennysheep_generic_room_3
D:3:      layout_loops_ring, shapermc_ecumenical_altar_pompeii,
          minmay_close_crescents, uniq_natasha
D:4:      layout_loops_corners, portal_sewer_entry_b, roderic_lattice_a,
          uniq_menkaure
D:5:      layout_loops_ring, mainiacjoe_overflow_big_doors, temple_doors_cd,
          kennysheep_generic_room_10, uniq_duvessa, uniq_eustachio

Skill      XL: |  1  2  3  4  5  6  7 |
---------------+----------------------+-----
Dodging        | 3 4 5 |  5.7
Conjurations   | 2 3 4 |  4.7
Spellcasting   | 4 5 6 |  6.4
Fire Magic     | 4 5 |  5.7
Stealth        | |  2.4

Action                     |  1- 3 |  4- 6 |  7- 9 || total
---------------------------+-------+-------+-------++-------
   Cast: Foxfire           |    98 |   126 |    17 ||   241
         Scorch            |     2 |    16 |    23 ||    41
    Use: Potion            |       |       |     1 ||     1
 Armour: Robe              |     2 |     2 |     2 ||     6
  Dodge: Dodged            |    11 |    11 |    13 ||    35

Table legend: (Time is in decaauts)
 A = Elapsed time spent in this place.
 B = Non-inter-level travel time spent in this place.
 C = Inter-level travel time spent in this place.
 D = Time resting spent in this place.
 E = Time spent auto-exploring this place.
 F = Levels seen in this place.
 G = Mean time per level.
                   A        B        C        D        E       F      G
               +--------+--------+--------+--------+--------+-----+--------+
         Total |   5790 |   5611 |    179 |   1178 |   3449 |   6 |  965.0 |
       Dungeon |   5035 |   4856 |    179 |    781 |   3449 |   5 | 1007.0 |
         Sewer |    755 |    755 |      0 |    397 |      0 |   1 |  755.0 |
               +--------+--------+--------+--------+--------+-----+--------+

Top non-repeatable levels by time:
     D:3: 1507 daAuts
     D:4: 1382 daAuts
     D:1: 1225 daAuts
     D:2: 881 daAuts
   Sewer: 755 daAuts
     D:5: 37 daAuts
